 Dungeon Crawl Stone Soup version 0.23-a0-470-g6f7cfd9 (webtiles) character file.

880 theanonym the Cudgeler (level 7, 0/55 HPs)
             Began as a Mummy Warper on Nov 26, 2018.
             Was an Initiate of Cheibriados.
             Slain by an ogre
             ... wielding a +0 giant spiked club
              (9 damage)
             ... on level 5 of the Dungeon.
             The game lasted 00:10:30 (6859 turns).

theanonym the Cudgeler (Mummy Warper)               Turns: 6859, Time: 00:10:30

Health: 0/55       AC: 11    Str: 17    XL:     7   Next: 75%
Magic:  11/11      EV:  5    Int: 14    God:    Cheibriados [......]
Gold:   393        SH:  9    Dex: 12    Spells: 11/11 levels left

rFire    . . .     SeeInvis .   k - +0 morningstar
rCold    + . .     Gourm    .   q - +0 shield
rNeg     + + +     Faith    .   i - +0 chain mail
rPois    ∞         Spirit   .   (no helmet)
rElec    .         Reflect  .   (no cloak)
rCorr    .         Harm     .   (no gloves)
MR       .....                  (no boots)
Stlth    ..........             (no amulet)
HPRegen  0.18/turn              h - ring of protection from fire
MPRegen  0.12/turn              j - +3 ring of protection

@: very slow
A: no food or potions, fire vulnerability, cold resistance 1, negative energy
resistance 3, torment resistance, unbreathing
a: Bend Time, Renounce Religion


Innate Abilities, Weirdness & Mutations

You do not eat or drink.
Your flesh is vulnerable to fire.
You are immune to poison.
Your flesh is cold resistant. (rC+)
You are immune to negative energy. (rN+++)
You are immune to unholy pain and torment.
You can survive without breathing.


   Skills:
 + Level 4.9 Fighting
 * Level 5.5 Maces & Flails
 - Level 0.7 Throwing
 - Level 0.7 Armour
 - Level 1.5 Dodging
 + Level 3.0 Shields
 - Level 2.6 Spellcasting
   Level 2.4 Translocations


You had 11 spell levels left.
You didn't know any spells.
Your spell library contained the following spells:

 Spells                   Type           Power        Failure   Level  Hunger
 Blink                    Tloc           N/A          100%        2    N/A
 Shroud of Golubria       Chrm/Tloc      #.........   100%        2    N/A
 Gell's Gravitas          Tloc           #.........   100%        3    N/A
 Lesser Beckoning         Tloc           #.........   100%        3    N/A
 Teleport Other           Tloc           #.......     100%        3    N/A
 Passage of Golubria      Tloc           N/A          100%        4    N/A

Skill      XL: |  1  2  3  4  5  6  7 |
---------------+----------------------+-----
Maces & Flails | 2 3 4 5 |  5.5
Fighting       | 3 4 |  4.9
Shields        | 1 2 3 |  3.0
Throwing       | |  0.7
Armour         | |  0.7
Dodging        | |  1.5
Spellcasting   | |  2.6
Translocations | |  2.4

Action                   |  1- 3 |  4- 6 |  7- 9 || total
-------------------------+-------+-------+-------++-------
Melee: Mace              |   206 |   271 |       ||   477
       Flail             |       |    69 |    50 ||   119
       Morningstar       |       |       |    91 ||    91
Throw: Tomahawk          |       |     3 |       ||     3
Evoke: Wand              |       |     3 |     1 ||     4
  Use: Scroll            |       |    11 |       ||    11
Armor: Leather armour    |    14 |       |       ||    14
       Chain mail        |    86 |   258 |   131 ||   475
       Ring mail         |     9 |       |       ||     9
       Scale mail        |     4 |       |       ||     4
Dodge: Dodged            |    72 |    92 |    30 ||   194
Block: Buckler           |     4 |    13 |       ||    17
       Shield            |       |   103 |    88 ||   191

Inventory:

Hand Weapons
 a - a +0 mace
 d - a +0 flail
   (You took it off an orc on level 4 of the Dungeon)
 k - a +0 morningstar (weapon)
   (You took it off an orc on level 4 of the Dungeon)
Missiles
 b - 10 tomahawks
 e - 2 tomahawks of dispersal (quivered)
Armour
 i - a +0 chain mail (worn)
   (You found it on level 1 of the Dungeon)
 q - a +0 shield (worn)
   (You took it off a kobold on level 3 of the Dungeon)
Jewellery
 h - a ring of protection from fire (left hand)
   (You found it on level 1 of the Dungeon)
 j - a +3 ring of protection (right hand)
   (You found it on level 2 of the Dungeon)
Wands
 c - a wand of polymorph (11)
   (You found it on level 4 of the Dungeon)
Scrolls
 f - a scroll of fog
 g - a scroll of immolation {unknown}
 l - 2 scrolls of amnesia
 n - a scroll of remove curse
 p - 2 scrolls of enchant armour
 t - a scroll of teleportation {!r}


You were on level 5 of the Dungeon.
You worshipped Cheibriados.
Cheibriados was noncommittal.
You were not hungry.

You visited 2 branches of the dungeon, and saw 6 of its levels.

You collected 393 gold pieces.

Dungeon Overview and Level Annotations

Branches:
Dungeon (5/15)             Temple (1/1) D:5

Altars:
Ashenzari
Cheibriados
Dithmenos
Elyvilon
Fedhas
Gozag
Hepliaklqana
Kikubaaqudgha
Makhleb
Nemelex Xobeh
Okawaru
Qazlal
Ru
Sif Muna
Trog
Uskayaw
Vehumet
Wu Jian
Xom
Yredelemnul
Zin
The Shining One

Annotations:
D:3 3 runed doors, Twixt's ghost, amateur DECj
D:4 3 runed doors, exclusion: oklob plant, HydraWiggins's ghost, amateur TrVM

#.....# ##..## ##..# ##'######
##..## #.%.# .....#..####..##
##...# .⌠.⌠.#.......## #....##
..>..'..#.#..# ##.....####
.⌠.⌠.####.>..# #..........
.....####....### ##.........#
##'###...#.....#####
#.........##
#.......#####..@O.########..###
######### ####....# #### ###..#
#..# #..# #..# #..# #..# #..#


You could see an ogre.

Notes
Turn   | Place    | Note
-------+----------+-------------------------------------------
     0 | D:1      | theanonym the Mummy Warper began the quest for the Orb.
     0 | D:1      | Reached XP level 1. HP: 16/16 MP: 4/4
   280 | D:1      | Reached skill level 2 in Maces & Flails
   284 | D:1      | HP: 8/16 [kobold (2)]
   285 | D:1      | Reached XP level 2. HP: 12/22 MP: 5/5
   289 | D:1      | HP: 4/22 [kobold (3)]
   742 | D:1      | HP: 10/23 [hobgoblin (4)]
  1777 | D:2      | Reached XP level 3. HP: 28/28 MP: 7/7
  1884 | D:2      | HP: 13/28 [worm (2)]
  1890 | D:2      | HP: 12/28 [worm (2)]
  2208 | D:2      | HP: 14/28 [worm (8)]
  2747 | D:2      | Reached skill level 3 in Maces & Flails
  2747 | D:2      | Reached XP level 4. HP: 26/34 MP: 8/8
  2910 | D:3      | Noticed Jessica
  2916 | D:3      | Killed Jessica
  2916 | D:3      | Reached skill level 3 in Fighting
  3092 | D:3      | Noticed Terence
  3217 | D:3      | Killed Terence
  3217 | D:3      | Reached skill level 1 in Shields
  3217 | D:3      | Reached XP level 5. HP: 34/41 MP: 9/9
  3429 | D:3      | Found a faded altar of an unknown god.
  3534 | D:3      | Noticed Ijyb
  3573 | D:3      | Killed Ijyb
  3762 | D:3      | Found a stormy altar of Qazlal.
  3789 | D:3      | Found a runed gate.
  3789 | D:3      | Found a runed gate.
  3792 | D:3      | Found a runed gate.
  3793 | D:3      | Noticed Twixt's ghost (amateur DECj)
  4059 | D:4      | Reached skill level 4 in Maces & Flails
  4112 | D:4      | Reached XP level 6. HP: 43/48 MP: 10/10
  4210 | D:4      | HP: 24/48 [bullfrog (4)]
  4409 | D:4      | Reached skill level 2 in Shields
  4459 | D:4      | Found a runed gate.
  4485 | D:4      | Reached skill level 4 in Fighting
  4544 | D:4      | Found a runed gate.
  4546 | D:4      | Found a runed gate.
  4715 | D:4      | HP: 23/48 [hound (4)]
  4716 | D:4      | HP: 10/48 [orc priest/divine providence (14)]
  4720 | D:4      | HP: 4/48 [hound (1)]
  4730 | D:4      | HP: 2/48 [adder (4)]
  5098 | D:4      | HP: 21/48 [something/puff of flame (4)]
  5104 | D:4      | HP: 16/48 [adder (4)]
  5111 | D:4      | HP: 14/48 [adder (1)]
  5117 | D:4      | HP: 15/48 [adder (1)]
  5123 | D:4      | HP: 13/48 [adder (3)]
  5130 | D:4      | HP: 8/48 [adder (3)]
  5140 | D:4      | HP: 7/48 [something (2)]
  5155 | D:4      | HP: 9/48 [hound (1)]
  5161 | D:4      | HP: 5/48 [hound (2)]
  5162 | D:4      | Reached XP level 7. HP: 6/54 MP: 11/11
  5173 | D:4      | Noticed HydraWiggins's ghost (amateur TrVM)
  5583 | D:4      | HP: 27/54 [boggart/+0 dagger (2)]
  5584 | D:4      | Reached skill level 5 in Maces & Flails
  5905 | D:4      | Found a blossoming altar of Fedhas.
  5915 | D:4      | Noticed an oklob plant
  6042 | D:5      | Entered Level 5 of the Dungeon
  6350 | D:5      | Reached skill level 3 in Shields
  6516 | D:5      | Found a staircase to the Ecumenical Temple.
  6525 | Temple   | Entered the Ecumenical Temple
  6810 | Temple   | Became a worshipper of Cheibriados the Contemplative
  6855 | D:5      | HP: 21/55 [ogre/+0 giant spiked club (16)]
  6856 | D:5      | HP: 9/55 [ogre/+0 giant spiked club (12)]
  6859 | D:5      | Slain by an ogre

Vanquished Creatures
  A phantom (D:5)
  A boggart (D:4)
  A bullfrog (D:4)
  A howler monkey (D:4)
  A crimson imp (D:5)
  3 orc priests (D:4)
  3 hounds (D:4)
  A bullfrog skeleton (D:4)
  2 centaur skeletons (D:4)
  Jessica (D:3)
  Ijyb (D:3)
  Terence (D:3)
  3 worker ants
  4 adders
  An ooze (D:4)
  3 worms
  5 dart slugs
  2 leopard geckos (D:1)
  17 orcs
  2 ball pythons
  2 giant cockroaches (D:2)
  5 goblins
  7 hobgoblins
  8 jackals
  7 kobolds
  2 quokkas
  6 bats
  5 frilled lizards
  A leopard gecko skeleton (D:4)
  A quokka skeleton (D:4)
  6 rats
  A fungus (D:1)
105 creatures vanquished.

Vanquished Creatures (others)
  An adder (D:4)
  5 toadstools (D:1)
6 creatures vanquished.

Grand Total: 111 creatures vanquished

Table legend:
 A = Turns spent in this place as a percentage of turns spent in the entire game.
 B = Non-inter-level travel turns spent in this place as a percentage of non-inter-level travel turns spent in the entire game.
 C = Inter-level travel turns spent in this place as a percentage of turns spent in this place.
 D = Turns resting spent in this place as a percentage of non-inter-level travel turns spent in this place.
 E = Turns spent auto-exploring this place as a percentage of non-inter-level travel turns spent in this place.
 F = Non-inter-level travel turns spent in this place divided by the number of levels of this place that you've seen.
                   A       B       C       D       E      F
               +-------+-------+-------+-------+-------+----------------------
         Total | 100.0 | 100.0 |   4.1 |  38.6 |  43.6 | 1096.2
       Dungeon |  95.7 |  95.7 |   4.1 |  40.3 |  41.2 | 1259.4
        Temple |   4.3 |   4.3 |   4.4 |   0.0 |  98.9 | 280.0
               +-------+-------+-------+-------+-------+----------------------
